 Dungeon Crawl Stone Soup version 0.29.1-15-g9cfb28693d (webtiles) character file.

Game seed: 5298169486877178215

949 Artool the Trooper (level 7, 0/57 HPs)
             Began as a Demonspawn Fighter on Apr 11, 2023.
             Succumbed to a water moccasin's poison
             ... on level 6 of the Dungeon.
             The game lasted 00:09:56 (5360 turns).

Artool the Trooper (Demonspawn Fighter)             Turns: 5360, Time: 00:09:56

Health: 0/57       AC: 17    Str: 19    XL:     7   Next: 90%
Magic:  7/7        EV:  9    Int:  9    God:
Gold:   165        SH:  4    Dex: 12    Spells: 6/6 levels left

rFire   + . .      SeeInvis .   p - +0 whip
rCold   x . .      Faith    .   c - +0 buckler
rNeg    + . .      Spirit   .   b - +0 scale mail
rPois   .          Reflect  .   o - +2 helmet
rElec   .          Harm     .   f - +0 cloak
rCorr   .          Rampage  .   g - +0 pair of gloves
Will    .....                   B - +0 pair of boots
Stlth   ..........              (no amulet)
HPRegen 0.19/turn               l - ring of fire
MPRegen 0.10/turn               m - ring of positive energy

@: lethally poisoned (0 -> -6)
A: yellow scales 2, ignite blood 1, powered by death 2
a: no special abilities


You were on level 6 of the Dungeon.
You visited 2 branches of the dungeon, and saw 7 of its levels.

You collected 165 gold pieces.

Inventory:

Hand Weapons
 p - a +0 whip (weapon)
Armour
 b - a +0 scale mail (worn)
 c - a +0 buckler (worn)
 f - a +0 cloak (worn)
 g - a +0 pair of gloves (worn)
 o - a +2 helmet (worn)
 B - a +0 pair of boots (worn)
Jewellery
 l - a ring of fire (left hand)
 m - a ring of positive energy (right hand)
 s - a +6 ring of intelligence
 z - a ring of positive energy
 D - an amulet of faith
Wands
 u - a wand of mindburst (16)
 E - a wand of roots (14)
Scrolls
 h - 5 scrolls of identify {unknown}
 i - 3 scrolls of poison {unknown}
 k - a scroll of magic mapping {unknown}
 t - a scroll of immolation {unknown}
 v - 2 scrolls of summoning {unknown}
 w - 2 scrolls of teleportation {unknown}
 y - a scroll of vulnerability {unknown}
 A - a scroll of noise {unknown}
 C - 3 scrolls of enchant armour {unknown}
 F - a scroll of enchant weapon {unknown}
Potions
 a - a potion of invisibility {unknown}
 d - 3 potions of might
 e - 2 potions of resistance {unknown}
 j - 5 potions of heal wounds {unknown}
 n - 5 potions of flight {unknown}
 q - 2 potions of curing {unknown}
 r - a potion of magic {unknown}
 x - 2 potions of attraction {unknown}


   Skills:
 + Level 5.9 Fighting
 + Level 5.0 Maces & Flails
 + Level 5.4 Armour
 - Level 3.0 Shields


You had 6 spell levels left.
You didn't know any spells.
Your spell library contained the following spells:

 Spells                   Type           Power      Damage    Failure   Level
 Sting                    Tmut/Pois      0%         1d3       83%         1
 Poisonous Vapours        Pois/Air       0%         N/A       92%         2
 Call Canine Familiar     Summ           0%         N/A       99%         3
 Dazzling Flash           Conj/Hex       0%         N/A       99%         3
 Portal Projectile        Hex/Tloc       0%         N/A       99%         3
 Leda's Liquefaction      Hex/Erth       0%         N/A       100%        4
 Olgreb's Toxic Radiance  Pois           0%         N/A       100%        4
 Agony                    Necr           0%         N/A       100%        5
 Silence                  Hex/Air        0%         N/A       100%        5


Dungeon Overview and Level Annotations

Branches:
Dungeon (6/15)             Temple (1/1) D:4

Altars:
Ashenzari
Cheibriados
Dithmenos
Fedhas
Gozag
Hepliaklqana
Kikubaaqudgha
Makhleb
Nemelex Xobeh
Okawaru
Qazlal
Ru
Sif Muna
Trog
Uskayaw
Vehumet
Wu Jian
Xom
Yredelemnul

Shops:
D:5 [=


Innate Abilities, Weirdness & Mutations

You are mostly covered in yellow scales. (AC +3)
Your demonic aura sometimes causes spilled blood to erupt in flames.
You regenerate health from kills.


Message History

You barely miss the water moccasin.
The water moccasin is heavily wounded.
You feel sick. You block the water moccasin's attack.
You barely miss the water moccasin.
The water moccasin is heavily wounded.
You feel sick. The water moccasin bites you.
* * * LOW HITPOINT WARNING * * *
You hit the water moccasin.
The water moccasin is severely wounded.
You feel sick. The water moccasin barely misses you.
The water moccasin bites you but does no damage.
You closely miss the water moccasin.
The water moccasin is severely wounded.
You feel sick. The water moccasin bites you.
* * * LOW HITPOINT WARNING * * *
You are lethally poisoned!
The water moccasin poisons you!
You closely miss the water moccasin.
The water moccasin is severely wounded.
* * * LOW HITPOINT WARNING * * *
You feel very sick. The water moccasin barely misses you.
You hit the water moccasin but do no damage.
The water moccasin is severely wounded.
* * * LOW HITPOINT WARNING * * *
You feel sick.
The water moccasin bites you but does no damage.
You closely miss the water moccasin.
The water moccasin is severely wounded.
* * * LOW HITPOINT WARNING * * *
You feel sick.
The water moccasin bites you but does no damage.
You miss the water moccasin.
The water moccasin is severely wounded.
* * * LOW HITPOINT WARNING * * *
You feel sick. The water moccasin closely misses you.
The water moccasin bites you but does no damage.
You barely miss the water moccasin.
The water moccasin is severely wounded.
You die...

.......#... .....##
.......#...## .......##
...#........####........
...#.......##...........
#...................>..#
#.##.##...............#
#........##..........###
.........##...#.........
#........##..###@.##...
##...###.#..## #S.#
##.###......# #....
####.......# ......#
##.#.....#........
#.##....#......... #.
............### #.
......#.....# ###......#


You could see a water moccasin.

Vanquished Creatures
  A water moccasin (D:5)
  2 ogres
  A centaur (D:6)
  A phantom (D:4)
  Blork the orc (D:5)
  An orc priest (D:4)
  A hound (D:4)
  A jelly (D:4)
  A gnoll bouda (D:6)
  3 orc wizards
  Robin (D:1)
  8 gnolls
  6 adders
  2 worms (D:2)
  4 dart slugs
  12 orcs
  5 ball pythons
  10 endoplasms
  13 goblins
  8 hobgoblins
  5 jackals
  2 quokkas
  7 bats
  3 frilled lizards
  7 kobolds
  6 rats
112 creatures vanquished.

Vanquished Creatures (others)
  A plant (D:5)
1 creature vanquished.

Grand Total: 113 creatures vanquished

Notes
Turn   | Place    | Note
-------+----------+-------------------------------------------
     0 | D:1      | Artool the Demonspawn Fighter began the quest for the Orb.
     0 | D:1      | Reached XP level 1. HP: 18/18 MP: 1/1
   269 | D:1      | Gained mutation: You regenerate a little health from kills.
                  | [demonic ancestry]
   269 | D:1      | Reached XP level 2. HP: 24/24 MP: 2/2
   623 | D:1      | Gained mutation: You are partially covered in yellow
                  | scales. (AC +2) [demonic ancestry]
   623 | D:1      | Reached XP level 3. HP: 29/29 MP: 3/3
   908 | D:2      | Noticed Robin
   957 | D:1      | Killed Robin
  1382 | D:2      | Found an iron altar of Okawaru.
  1427 | D:1      | Reached XP level 4. HP: 13/35 MP: 4/4
  2278 | D:3      | Gained mutation: You are mostly covered in yellow scales.
                  | (AC +3) [demonic ancestry]
  2278 | D:3      | Reached XP level 5. HP: 18/42 MP: 5/5
  2643 | D:3      | Found a shimmering blue altar of Sif Muna.
  2647 | D:3      | Found a basalt altar of Yredelemnul.
  2654 | D:3      | Found a shadowy altar of Dithmenos.
  2889 | D:4      | HP: 1/43 [acid (5)]
  2891 | D:4      | Gained mutation: Your demonic aura sometimes causes spilled
                  | blood to erupt in flames. [demonic ancestry]
  2891 | D:4      | Reached XP level 6. HP: 1/49 MP: 6/6
  3494 | D:4      | Found a staircase to the Ecumenical Temple.
  3505 | Temple   | Entered the Ecumenical Temple
  3788 | D:4      | Reached skill level 5 in Fighting
  4108 | D:5      | Entered Level 5 of the Dungeon
  4108 | D:5      | Found Vaifi's One-of-a-Kind Rings.
  4170 | D:5      | Found Akiom's Armour Boutique.
  4218 | D:5      | Gained mutation: You regenerate health from kills. [demonic
                  | ancestry]
  4218 | D:5      | Reached XP level 7. HP: 56/56 MP: 7/7
  4488 | D:5      | Found a hazy altar of Hepliaklqana.
  4505 | D:5      | Noticed Blork the orc
  4531 | D:5      | Killed Blork the orc
  4532 | D:5      | Reached skill level 5 in Armour
  5185 | D:6      | Reached skill level 5 in Maces & Flails
  5359 | D:6      | HP: 2/57 [poisoned by a water moccasin]
  5360 | D:6      | Succumbed to a water moccasin's poison

Illustrated notes

Levels and vault maps discovered:
D:1:      co_arrival_random_square_maze, layout_basic
D:2:      layout_basic, basic_altar, uniq_robin
D:3:      layout_rooms, grunt_temple_overflow_diamond, minivault_23
D:4:      layout_rooms, mainiacjoe_overflow_cross_hatched,
          minmay_temple_entry_trees
D:5:      layout_cave_pools, nicolae_hepliaklqana_hazy_memory, serial_shops,
          shop, nicolae_shop_unique_rings, uniq_blork_the_orc
D:6:      layout_cave_pools
Temple:   nicolae_temple_bog_church

Skill      XL: |  1  2  3  4  5  6  7 |
---------------+----------------------+-----
Maces & Flails | 2 3 4 5 |  5.0
Shields        | 3 |  3.0
Armour         | 3 4 5 |  5.4
Fighting       | 4 5 |  5.9

Action                   |  1- 3 |  4- 6 |  7- 9 || total
-------------------------+-------+-------+-------++-------
Melee: Flail             |    97 |       |       ||    97
       Whip              |    36 |   352 |   154 ||   542
Armor: Scale mail        |    91 |   178 |   110 ||   379
Dodge: Dodged            |    62 |   117 |    72 ||   251
Block: Buckler           |    35 |    72 |    35 ||   142
